 Dungeon Crawl Stone Soup version 0.23.0-3-gf3c87f2 (webtiles) character file.

Game seed: 3132763488425425289

287 misha the Poker (level 6, -4/46 HPs)
             Began as a Merfolk Gladiator on Feb 23, 2019.
             Slain by a water moccasin (6 damage)
             ... on level 7 of the Dungeon.
             The game lasted 00:19:59 (3483 turns).

misha the Poker (Merfolk Gladiator)                 Turns: 3483, Time: 00:20:00

Health: -4/46      AC:  6    Str: 17    XL:     6   Next: 30%
Magic:  6/6        EV: 15    Int:  7    God:
Gold:   67         SH:  0    Dex: 15    Spells: 5/5 levels left

rFire    . . .     SeeInvis .   b - +0 trident
rCold    . . .     Gourm    .   (no shield)
rNeg     . . .     Faith    .   x - +0 leather armour
rPois    .         Spirit   .   c - +0 helmet
rElec    .         Reflect  .   (no cloak)
rCorr    .         Harm     .   (no gloves)
MR       .....                  m - +1 pair of boots
Stlth    +.........             (no amulet)
HPRegen  0.15/turn              k - +6 ring of slaying
MPRegen  0.10/turn              (no ring)

@: lethally poisoned (-4 -> -5)
A: change form in water, swift swim, stealthy swim
a: no special abilities


You were on level 7 of the Dungeon.
You were hungry.

You visited 1 branch of the dungeon, and saw 5 of its levels.

You collected 67 gold pieces.

Inventory:

Hand Weapons
 a - a +1 falchion of slicing
 b - a +0 trident (weapon)
 A - a +1 short sword of protection
 D - a +0 whip of flaming
Missiles
 d - 3 throwing nets (quivered)
 n - 48 sling bullets
 o - 21 poisoned needles
 p - 96 stones
 C - 16 arrows
Armour
 c - a +0 helmet (worn)
 m - a +1 pair of boots (worn)
 x - a +0 leather armour (worn)
Jewellery
 k - a +6 ring of slaying (left hand)
 z - a cursed amulet of inaccuracy {unknown}
Scrolls
 h - 3 scrolls of identify
 j - a scroll of random uselessness
 r - a scroll of immolation
 s - 2 scrolls of teleportation
Potions
 e - 2 potions of heal wounds {unknown}
 g - 2 potions of mutation {unknown}
 i - 2 potions of ambrosia {unknown}
 q - a potion of brilliance {unknown}
 t - a potion of flight {unknown}
 u - a potion of resistance
 v - a potion of degeneration {unknown}
 w - a potion of berserk rage {unknown}
Comestibles
 f - 5 rations


   Skills:
 + Level 2.9 Fighting
 * Level 7.6 Polearms
 - Level 3.0 Throwing
 - Level 0.8 Armour
 - Level 5.2 Dodging
 - Level 0.5 Stealth


You had 5 spell levels left.
You didn't know any spells.
Your spell library was empty.

Dungeon Overview and Level Annotations

Branches:
Dungeon (4/15)
 Temple: D:4-7

Altars:
Ashenzari
Elyvilon
Gozag
Makhleb
Trog
Uskayaw

Shops:
D:4 !%

Annotations:
D:3 ogre


Message History

The water moccasin bites you.
You feel sick. The bullfrog zombie hits you. The quokka misses you.
The bullfrog zombie hits you. The quokka misses you.
Your surroundings suddenly seem different.
You start resting.
You feel sick. x2
The water moccasin is too close now for your liking.
You feel sick.
The water moccasin completely misses you.
The water moccasin bites you.
* * * LOW HITPOINT WARNING * * *
The water moccasin barely misses you.
You feel sick. The water moccasin barely misses you.
The water moccasin bites you!
* * * LOW HITPOINT WARNING * * *
The water moccasin misses you.
Found 16 gold pieces.
* * * LOW HITPOINT WARNING * * *
You feel sick. The water moccasin bites you.
You die...

.......#
......##
.....$. .....
.... ..# #.#
#@# #S#
#.########
#........#
#........# ..
#........# ...
#/.......#
....#.########
. ....#.....#


You could see a water moccasin.

Vanquished Creatures
  2 orc wizards (D:3)
  Terence (D:2)
  A worker ant (D:4)
  A howler monkey zombie (D:2)
  6 adders
  3 gnolls (D:2)
  2 oozes
  4 worms
  9 orcs (D:3)
  2 bat skeletons (D:2)
  A bat zombie (D:2)
  2 giant cockroaches
  8 goblins
  6 hobgoblins
  4 kobolds
  2 ball pythons
  9 bats
  4 frilled lizards
  A giant cockroach zombie (D:2)
  8 rats
76 creatures vanquished.

Notes
Turn   | Place    | Note
-------+----------+-------------------------------------------
     0 | D:1      | misha the Merfolk Gladiator began the quest for the Orb.
     0 | D:1      | Reached XP level 1. HP: 16/16 MP: 1/1
   122 | D:1      | Reached XP level 2. HP: 23/23 MP: 2/2
   686 | D:2      | Reached XP level 3. HP: 25/28 MP: 3/3
   771 | D:2      | Reached skill level 5 in Polearms
   826 | D:2      | Reached skill level 5 in Dodging
   829 | D:2      | Reached XP level 4. HP: 33/34 MP: 4/4
   972 | D:2      | Found a burning altar of Makhleb.
  1179 | D:2      | Reached skill level 6 in Polearms
  1412 | D:2      | Noticed Terence
  1420 | D:2      | Killed Terence
  1420 | D:2      | Reached XP level 5. HP: 39/39 MP: 5/5
  1806 | D:3      | Noticed a moth of wrath
  1809 | D:3      | Found a bloodstained altar of Trog.
  2271 | D:3      | Reached skill level 7 in Polearms
  2328 | D:3      | Reached XP level 6. HP: 35/46 MP: 6/6
  3090 | D:4      | Found Mehodghyw's Distillery.
  3165 | D:4      | Found a shattered altar of Ashenzari.
  3165 | D:4      | Found an opulent altar of Gozag.
  3170 | D:4      | Found a hide-covered altar of Uskayaw.
  3172 | D:4      | Found a white marble altar of Elyvilon.
  3174 | D:4      | Found a faded altar of an unknown god.
  3271 | D:4      | Found Utuygrac's Food Boutique.
  3450 | D:4      | You fall through a shaft for 3 floors!
  3461 | D:7      | Noticed a water moccasin
  3482 | D:7      | HP: 2/46 [poisoned by a water moccasin]
  3483 | D:7      | Slain by a water moccasin

Skill      XL: |  1  2  3  4  5  6 |
---------------+-------------------+-----
Polearms       | 5 6 7 |  7.6
Dodging        | 5 |  5.2
Throwing       | 3 |  3.0
Fighting       | |  2.9
Armour         | |  0.8
Stealth        | |  0.5

Action                   |  1- 3 |  4- 6 || total
-------------------------+-------+-------++-------
Melee: Trident           |    68 |   123 ||   191
  Use: Scroll            |       |     7 ||     7
 Stab: Sleeping          |     1 |     2 ||     3
  Eat: Chunk             |       |     4 ||     4
       Ration            |       |     1 ||     1
Armor: Leather armour    |    30 |    24 ||    54
Dodge: Dodged            |    80 |    84 ||   164
